 Dungeon Crawl Stone Soup version 0.31.0-4-g52a2dc7128 (webtiles) character file.

Game seed: 951487101160257892

95 Gottschkopf the Trooper (level 4, -2/42 HPs)
             Began as a Minotaur Fighter on Jan 23, 2024.
             Killed from afar by an orc wizard (5 damage)
             ... with a magic dart
             ... on level 3 of the Dungeon.
             The game lasted 00:02:21 (1408 turns).

Gottschkopf the Trooper (Minotaur Fighter)          Turns: 1408, Time: 00:02:22

Health: -2/42      AC:  9    Str: 22    XL:     4   Next: 40%
Magic:  3/3        EV:  9    Int:  5    God:
Gold:   62         SH:  4    Dex: 10    Spells: 3/3 levels left

rFire   . . .        a - +0 flail
rCold   . . .        c - +0 buckler
rNeg    . . .        b - +0 scale mail
rPois   .            (helmet restricted)
rElec   .            (no cloak)
rCorr   .            k - +0 pair of gloves
SInv    .            l - +0 pair of boots
Will    .....        n - amulet of magic regeneration Stlth
                     (no ring)
HPRegen 0.27/turn    (no ring)
MPRegen 0.48/turn

%: no passive effects
@: no status effects
A: horns 2, retaliatory headbutt
a: no special abilities


You were on level 3 of the Dungeon.
You visited 1 branch of the dungeon, and saw 4 of its levels.

You collected 62 gold pieces.

Inventory:

Hand Weapons
 a - a +0 flail (weapon)
Armour
 b - a +0 scale mail (worn)
 c - a +0 buckler (worn)
 k - a +0 pair of gloves (worn)
 l - a +0 pair of boots (worn)
Jewellery
 m - a ring of fire
 n - an amulet of magic regeneration (around neck)
Scrolls
 g - a scroll of immolation {unknown}
 h - a scroll of teleportation {unknown}
 j - 2 scrolls of identify {unknown}
Potions
 d - a potion of might
 e - a potion of enlightenment {unknown}
 f - 2 potions of heal wounds {unknown}
 i - 2 potions of curing {unknown}


   Skills:
 * Level 5.1 Fighting
 - Level 2.4 Maces & Flails
 + Level 4.4 Armour
 + Level 4.4 Shields


You had 3 spell levels left.
You didn't know any spells.
Your spell library contained the following spells:

 Spells                   Type           Power      Damage    Failure   Level
 Iskenderun's Battlesphe  Conj           0%         2d6       100%        5
 Bombard                  Conj/Erth      0%         9d1       100%        6
 Spellforged Servitor     Conj/Summ      0%         N/A       100%        7


Dungeon Overview and Level Annotations

Branches:
Dungeon (4/15)
 Temple: D:4-7

Altars:


Innate Abilities, Weirdness & Mutations

You have a pair of horns on your head.
You reflexively headbutt those who attack you in melee.


Message History

You miss something. You headbutt something!
Reactivating autopickup.
You feel a bit more experienced. Something hits you but does no damage.
Deactivating autopickup; reactivate with Ctrl-A.
Your Fighting skill increases to level 5!
Something hits you.
Things that are here:
a +0 dagger; a +0 robe You hear some strange, mumbled words.
A puff of flame appears from out of thin air!
The puff of flame hits you.
* * * LOW HITPOINT WARNING * * *
Something hits you but does no damage.
Things that are here:
a +0 dagger; a +0 robe You hit something but do no damage.
Something hits you but does no damage.
You miss something. Something hits you.
* * * LOW HITPOINT WARNING * * *
You closely miss something.
Something hits you but does no damage. x2
You barely miss something. You headbutt something.
Something hits you but does no damage.
You miss something. Something hits you but does no damage.
You closely miss something. Something hits you but does no damage.
Something hits you.
* * * LOW HITPOINT WARNING * * *
You miss something. Something hits you but does no damage.
You closely miss something. You headbutt something.
Something hits you but does no damage.
You completely miss something. Something hits you.
* * * LOW HITPOINT WARNING * * *
Something hits you but does no damage.
You closely miss something. Your headbutt misses something.
Something hits you but does no damage.
You closely miss something. Something hits you but does no damage.
You closely miss something. Something hits you.
* * * LOW HITPOINT WARNING * * *
You hear some strange, mumbled words.
A magic dart appears from out of thin air!
The magic dart hits you.
You die...

### ##.# .#
#####.#. # .#
###....###
#####.#####.#
#........#.
......)g{.#.#
#.##.....>#
#####.###@#.#
#.....## #
#.#.# #.....#
#.###.#.#
#.....#
#.(.....#
#.##.....#
#####.###
#.......##
#...#
######.##
#.### #.#
##.# ##.#
##..# ##..# #


You could see a hobgoblin.

Vanquished Creatures
  An iguana (D:4)
  An orc wizard (D:3)
  A ribbon worm (D:3)
  2 orcs (D:3)
  2 ball pythons
  A bat (D:1)
  7 endoplasms
  5 giant cockroaches (D:1)
  4 goblins
  2 hobgoblins
  4 jackals (D:4)
  3 kobolds
  2 frilled lizards (D:1)
35 creatures vanquished.

Notes
Turn   | Place    | Note
-------+----------+-------------------------------------------
     0 | D:1      | Gottschkopf the Minotaur Fighter began the quest for the
                  | Orb.
     0 | D:1      | Reached XP level 1. HP: 19/19 MP: 0/0
     1 | D:1      | Noticed an electric eel
   201 | D:1      | Reached skill level 4 in Fighting
   268 | D:1      | Reached XP level 2. HP: 25/27 MP: 1/1
   853 | D:2      | You fall into a shaft and drop 2 floors!
   875 | D:4      | Reached XP level 3. HP: 33/34 MP: 2/2
  1373 | D:3      | Reached XP level 4. HP: 41/41 MP: 3/3
  1394 | D:3      | Reached skill level 5 in Fighting
  1408 | D:3      | Killed from afar by an orc wizard

Illustrated notes

Levels and vault maps discovered:
D:1:      arrival_aquarium_a, layout_loops_ring, st_stairs_9,
          serial_park_tiny_2, minmay_worlds_worst_comb
D:2:      layout_loops_ring, uniq_sigmund, uniq_crazy_yiuf_cottage
D:3:      layout_loops_corners, marbit_many_paths, uniq_robin
D:4:      layout_basic, mainiacjoe_overflow_surrounded_room,
          mainiacjoe_overflow_24_doors

Skill      XL: |  1  2  3  4 |
---------------+-------------+-----
Fighting       | 4 5 |  5.1
Shields        | 4 |  4.4
Armour         | 4 |  4.4
Maces & Flails | |  2.4

Action                     |  1- 3 |  4- 6 || total
---------------------------+-------+-------++-------
  Melee: Flail             |    76 |    27 ||   103
         Headbutt          |     7 |     3 ||    10
 Armour: Scale mail        |    41 |    53 ||    94
  Dodge: Dodged            |    39 |       ||    39
  Block: Buckler           |    14 |     3 ||    17
